 Dungeon Sprint DCSS version 0.31-a0-142-g31f6795574 (webtiles) character file.

Game seed: 13267480583739161779

3881 Conn the Arsonist (level 10, -5/60 HPs)
             Began as an Octopode Fire Elementalist on June 3, 2023.
             Was an Elder of Sif Muna.
             Shot with an arrow by Nessos (6 damage)
             ... in the Dungeon (Sprint II: "The Violet Keep of Menkaure").
             The game lasted 00:24:29 (1950 turns).

Conn the Arsonist (Octopode Fire Elementalist)      Turns: 1950, Time: 00:24:29

Health: -5/60      AC:  1    Str:  7    XL:     10   Next: 19%
Magic:  29/33      EV: 15    Int: 23    God:    Sif Muna [****..]
Gold:   237        SH:  0    Dex: 12    Spells: 4/29 levels left

rFire   . . .        s - +0 dagger
rCold   . . .        t - orb {guile}
rNeg    . . .        (helmet restricted)
rPois   .            (no amulet)
rElec   .            e - ring of magical power
rCorr   .            (no ring)
SInv    .            (no ring)
Will    .....        (no ring)
Stlth   +++++        (no ring)
HPRegen 0.30/turn    (no ring)
MPRegen 0.23/turn    (no ring)
                     (no ring)

%: no teleportation
@: lethally poisoned (-5 -> -44)
A: almost no armour, amphibious, 8 rings, camouflage 1, gelatinous body 1,
(nimble swimmer 1), tentacles, subdued magic 1
a: Renounce Religion, Channel Magic, Forget Spell, Divine Exegesis


You were in the Dungeon.
You worshipped Sif Muna.
Sif Muna was greatly pleased with you.
You visited 1 branch You collected 1140 gold pieces.
You spent 903 gold pieces at shops.

Inventory:

Hand Weapons
 s - a +0 dagger (weapon)
Missiles
 i - a throwing net
Armour
 t - an orb of guile (worn)
Jewellery
 e - a ring of magical power (left tentacle)
 p - a ring of protection from cold
Scrolls
 f - a scroll of blinking
 g - a scroll of vulnerability
 h - a scroll of fear
 l - a scroll of amnesia
 q - a scroll of poison
 r - a scroll of magic mapping
Potions
 a - 6 potions of magic
 c - 2 potions of heal wounds
 d - 3 potions of lignification
 j - a potion of might {unknown}
 m - a potion of resistance
 n - 3 potions of enlightenment
 o - a potion of haste


   Skills:
 + Level 2.1 Fighting
 + Level 7.3 Dodging
 - Level 8.0 Stealth
 + Level 10.3 Spellcasting
 * Level 7.2 Conjurations
 + Level 1.9 Hexes
 + Level 5.6 Summonings
 + Level 14.3 Fire Magic
 + Level 5.4 Air Magic
 + Level 2.1 Poison Magic
 * Level 5.9 Invocations


You had 4 spell levels left.
You knew the following spells:

 Your Spells              Type           Power      Damage    Failure   Level
a - Foxfire               Conj/Fire      100%       2x1d9     1%          1
b - Scorch                Fire           100%       2d9       0%          2
c - Inner Flame           Hex/Fire       37%        N/A       1%          3
d - Flame Wave            Conj/Fire      47%        2d12      1%          4
e - Call Imp              Summ           56%        N/A       1%          2
f - Mephitic Cloud        Conj/Pois/Air  26%        N/A       1%          3
g - Fireball              Conj/Fire      23%        3d11      1%          5
h - Swiftness             Air            28%        N/A       1%          3
i - Blink                 Tloc           18%        N/A       7%          2

Your spell library contained the following spells:

 Spells                   Type           Power      Damage    Failure   Level
 Magic Dart               Conj           100%       1d8       1%          1
 Shock                    Conj/Air       100%       1d9       1%          1
 Volatile Blastmotes      Fire/Tloc      68%        2d15      1%          3
 Cigotuvi's Dreadful Rot  Necr/Pois/Air  36%        N/A       2%          2
 Airstrike                Air            14%        2d(2-18)  4%          4
 Manifold Assault         Tloc           9%         N/A       45%         4
 Ignition                 Fire           28%        3d9       67%         8
 Storm Form               Tmut/Air       9%         N/A       100%        7


Dungeon Overview and Level Annotations

Branches:
Dungeon (1/1)

Altars:
Cheibriados
Dithmenos
Elyvilon
Fedhas
Gozag
Hepliaklqana
Kikubaaqudgha
Makhleb
Nemelex Xobeh
Okawaru
Qazlal
Ru
Sif Muna
Trog
Uskayaw
Vehumet
Wu Jian
Xom
Yredelemnul
Zin
The Shining One
Jiyva
Lugonu

Shops:
D (::*=*[!*[?==![*!=:

Annotations:
D exclusions: obsidian statue and oklob plant, Nessos, Roxanne


Innate Abilities, Weirdness & Mutations

You cannot wear most types of armour.
You are amphibious.
You can wear up to eight rings at the same time.
Your skin changes colour to match your surroundings (Stealth+).
Your rubbery body absorbs attacks. (AC +1, EV +1)
((You are camouflaged when in or above water. (Stealth+)))
You have tentacles for arms and can constrict up to eight enemies at once.
Your spells are a little easier to cast, but a little less powerful.


Message History

You struggle against the net.
You rip the net and break free!
Found a runed dagger.
Found 9 potions of magic.
Found a spiked leather armour.
Found Haco's Armour Shoppe.
Found Aghav's Assorted Antiques.
Nessos the Markscentaur comes into view.
They are wearing a +0 barding of cold resistance and carrying a wand of digging (3).
Casting: Foxfire (safe; 1% risk of failure)
Confirm with . or Enter, or press ? or * to list all spells.
A tiny devil pulls itself out of the air.
Casting: Call Imp (safe; 1% risk of failure)
Confirm with . or Enter, or press ? or * to list all spells.
Aiming: Inner Flame (safe; 1% risk of failure)
Press: ? - help, Dir - move target, f - Nessos
Aim: Nessos, wearing a +0 barding of cold resistance and carrying a wand of digging (3) (asleep, ally target, chance to affect: 95%) Nessos shouts!
Nessos is filled with an inner flame.
Nessos wields a +1 longbow of flaming.
It bursts into flame!
Nessos shoots an arrow.
The arrow misses your cerulean imp. The arrow hits you!! The arrow burns you.
You are lethally poisoned!
You feel extremely sick.
Unknown command.
You feel better.
Your cerulean imp barely misses Nessos.
Nessos shoots an arrow.
The arrow hits your cerulean imp! The arrow burns your cerulean imp.
Your cerulean imp is poisoned.
Unknown command.
Casting: Inner Flame (safe; 1% risk of failure)
Confirm with . or Enter, or press ? or * to list all spells.
Okay, then.
Nessos shoots an arrow.
The arrow hits your cerulean imp. The arrow burns your cerulean imp.
Your cerulean imp dies!
Your cerulean imp disappears in a puff of smoke!
Nessos shoots an arrow.
The arrow hits you!!
* * * LOW HITPOINT WARNING * * *
The arrow burns you.
You are lethally poisoned!
You die...

##~~§~~§~~~##≈≈
###.~§~~§~#####
#∩####+####≈≈§§
##....#####≈≈§§≈
#∩...^..^'≈≈≈≈§§
###########.##≈≈§§≈
)).oo.o:)#^.##§§§≈
##################...#####
.∩c[§≈...@....^......+ +33
###################### ###


You could see Nessos (inner flame) and 2 orc priests.

Vanquished Creatures
  2 deep trolls (D)
  A yaktaur (D)
  3 polar bears (D)
  A hornet (D)
  A vampire mosquito (D)
  4 neqoxecs (D)
  5 water moccasins (D)
  4 scorpions (D)
  4 necrophages (D)
  8 electric eels (D)
33 creatures vanquished.

Vanquished Creatures (others)
  Menkaure (D)
  An electric eel (D)
  51 foxfires (D)
  7 tentacles (D)
60 creatures vanquished.

Grand Total: 93 creatures vanquished

Notes
Turn   | Place    | Note
-------+----------+-------------------------------------------
     0 | D        | Conn the Octopode Fire Elementalist began the quest for the
                  | Orb.
     0 | D        | Reached XP level 1. HP: 11/11 MP: 3/3
     1 | D        | Noticed a boulder beetle
     1 | D        | Noticed a boulder beetle
     4 | D        | Noticed a necrophage
     4 | D        | Noticed a necrophage
     4 | D        | Noticed a necrophage
     4 | D        | Noticed a necrophage
    12 | D        | Killed a necrophage
    13 | D        | Reached skill level 6 in Fire Magic
    13 | D        | Reached XP level 2. HP: 17/17 MP: 2/6
    13 | D        | Reached XP level 3. HP: 21/21 MP: 2/8
    13 | D        | Reached XP level 4. HP: 27/27 MP: 2/9
    17 | D        | Killed a necrophage
    18 | D        | Reached skill level 5 in Stealth
    18 | D        | Reached skill level 7 in Fire Magic
    18 | D        | Reached XP level 5. HP: 31/31 MP: 2/11
    21 | D        | Reached skill level 5 in Spellcasting
    21 | D        | Reached skill level 8 in Fire Magic
    28 | D        | Reached skill level 9 in Fire Magic
    28 | D        | Reached XP level 6. HP: 29/36 MP: 3/14
    44 | D        | Learned a level 2 spell: Scorch
    48 | D        | Learned a level 3 spell: Inner Flame
    53 | D        | Learned a level 4 spell: Flame Wave
    56 | D        | Noticed a neqoxec
    58 | D        | Noticed a neqoxec
    61 | D        | Noticed a neqoxec
    62 | D        | Killed a neqoxec
    63 | D        | Reached skill level 5 in Dodging
    63 | D        | Reached skill level 10 in Fire Magic
    63 | D        | Killed a neqoxec
    63 | D        | Killed a neqoxec
    64 | D        | Reached skill level 1 in Hexes
    64 | D        | Reached skill level 11 in Fire Magic
    64 | D        | Reached XP level 7. HP: 18/41 MP: 8/17
    81 | D        | Noticed a neqoxec
    81 | D        | Gained mutation: Your spells are a little easier to cast,
                  | but a little less powerful. [a neqoxec]
    85 | D        | HP: 1/41 [neqoxec (14)]
    86 | D        | Killed a neqoxec
    87 | D        | Reached skill level 12 in Fire Magic
    92 | D        | Killed Menkaure
   242 | D        | Noticed an obsidian statue
   303 | D        | Found Ogrix's Assorted Antiques.
   303 | D        | Found Gygiteaz's Distillery.
   304 | D        | Found Vutogat's Antique Armour Shoppe.
   305 | D        | Found Giepixyx's Jewellery Shoppe.
   305 | D        | Found Anewos's Distillery.
   306 | D        | Found Ifunleud's Magic Scroll Shoppe.
   306 | D        | Found Maumeaf's Jewellery Emporium.
   307 | D        | Found Yqanezius's Antique Armour Shoppe.
   308 | D        | Found Kejaimm's General Store.
   308 | D        | Found Ojekaapt's Distillery.
   315 | D        | Noticed a vampire mosquito
   322 | D        | Killed a vampire mosquito
   323 | D        | Reached XP level 8. HP: 12/46 MP: 8/19
   455 | D        | Found Hennop's General Store.
   455 | D        | Found Bytrufoy's Jewellery Shoppe.
   455 | D        | Noticed an oklob plant
   464 | D        | Found Welan's Book Shoppe.
   464 | D        | Found Dudalal's Book Shoppe.
   464 | D        | Found Para's Antique Weapon Emporium.
   466 | D        | Noticed a fire dragon
   472 | D        | Bought a potion of lignification for 39 gold pieces
   477 | D        | Noticed an ice dragon
   485 | D        | Bought a book of Minor Magic for 216 gold pieces
   488 | D        | Learned a level 2 spell: Call Imp
   492 | D        | Learned a level 3 spell: Mephitic Cloud
   499 | D        | Bought a ring of magical power for 200 gold pieces
   553 | D        | Identified Roxanne's Excursus on Teratogeny
   553 | D        | Noticed Roxanne
   584 | D        | Found a glowing golden altar of the Shining One.
   584 | D        | Found an ornate altar of the Wu Jian Council.
   584 | D        | Found a stormy altar of Qazlal.
   585 | D        | Found a shimmering altar of Xom.
   585 | D        | Found a sacrificial altar of Ru.
   585 | D        | Found a hazy altar of Hepliaklqana.
   586 | D        | Found a basalt altar of Yredelemnul.
   586 | D        | Found a shimmering blue altar of Sif Muna.
   586 | D        | Found a viscous altar of Jiyva.
   587 | D        | Found a glowing silver altar of Zin.
   587 | D        | Found a bloodstained altar of Trog.
   587 | D        | Found an ancient bone altar of Kikubaaqudgha.
   587 | D        | Found a snail-covered altar of Cheibriados.
   599 | D        | Reached skill level 13 in Fire Magic
   616 | D        | Found a hide-covered altar of Uskayaw.
   616 | D        | Found a corrupted altar of Lugonu.
   616 | D        | Found a shadowy altar of Dithmenos.
   617 | D        | Found a radiant altar of Vehumet.
   617 | D        | Found a burning altar of Makhleb.
   617 | D        | Found a white marble altar of Elyvilon.
   618 | D        | Found a sparkling altar of Nemelex Xobeh.
   618 | D        | Found a blossoming altar of Fedhas.
   620 | D        | Found an iron altar of Okawaru.
   620 | D        | Found an opulent altar of Gozag.
   620 | D        | Noticed a hornet
   620 | D        | Noticed a polar bear
   621 | D        | Noticed a yaktaur
   626 | D        | Became a worshipper of Sif Muna the Loreminder
   629 | D        | Noticed a polar bear
   630 | D        | Noticed a polar bear
   636 | D        | Killed a polar bear
   636 | D        | Killed a polar bear
   636 | D        | Killed a polar bear
   636 | D        | Reached * piety under Sif Muna
   636 | D        | Killed a yaktaur
   637 | D        | Reached skill level 1 in Fighting
   637 | D        | Reached skill level 5 in Conjurations
   637 | D        | Reached XP level 9. HP: 53/53 MP: 11/22
   639 | D        | Killed a hornet
   756 | D        | Noticed a kraken
   780 | D        | Got the Papyrus of Volatile Ouranomancy
   787 | D        | Learned a level 5 spell: Fireball
  1084 | D        | Reached ** piety under Sif Muna
  1086 | D        | Reached skill level 1 in Poison Magic
  1308 | D        | Learned a level 3 spell: Swiftness
  1311 | D        | Noticed a deep troll
  1311 | D        | Noticed a deep troll
  1319 | D        | Killed a deep troll
  1320 | D        | Reached skill level 14 in Fire Magic
  1320 | D        | Reached skill level 5 in Invocations
  1341 | D        | Killed a deep troll
  1342 | D        | Reached skill level 10 in Spellcasting
  1342 | D        | Reached skill level 5 in Summonings
  1342 | D        | Reached skill level 5 in Air Magic
  1342 | D        | Reached XP level 10. HP: 21/60 MP: 14/24
  1522 | D        | Reached *** piety under Sif Muna
  1669 | D        | Reached **** piety under Sif Muna
  1691 | D        | Noticed a sixfirhy
  1887 | D        | Noticed a sixfirhy
  1896 | D        | Noticed a sixfirhy
  1903 | D        | Found Viboxticle's Book Shoppe.
  1904 | D        | Found Ryodda Soerph's Jewellery Boutique.
  1911 | D        | Bought an Inescapable Atlas for 448 gold pieces
  1914 | D        | Learned a level 2 spell: Blink
  1943 | D        | Found Haco's Armour Shoppe.
  1944 | D        | Found Aghav's Assorted Antiques.
  1945 | D        | Noticed Nessos
  1950 | D        | HP: 1/60 [Nessos/arrow (25)]
  1950 | D        | Shot with an arrow by Nessos

Illustrated notes

Levels and vault maps discovered:
D:        the_violet_keep_of_menkaure [sprint2_stairs_cluster_1,
          sprint2_shoproom, sprint2_temple, sprint2_basic_supplies,
          sprint2_obstacle_6, sprint2_obstacle_7, sprint2_obstacle_3,
          sprint2_obstacle_1, sprint2_obstacle_4, sprint2_timed_cluster_1,
          sprint2_smallroom_cluster_1, sprint2_smallroom_final_cluster_1,
          sprint2_transparent_cluster_1, sprint2_second_timed_cluster_1,
          sprint2_sniper_area_1, sprint2_heavy_combat_area_1,
          sprint2_mutation_trap_area_1, sprint2_forest_area_1,
          sprint2_light_combat_area_1, sprint2_behind_water_1,
          sprint2_near_end_vault_1]

Skill      XL: |  1  2  3  4  5  6  7  8  9 |
---------------+----------------------------+-----
Dodging        | 3 4 5 6 7 |  7.3
Stealth        | 4 5 6 7 8 |  8.0
Spellcasting   | 3 4 5 7 9 10 | 10.3
Fire Magic     | 6 7 9 11 12 13 14 | 14.3
Conjurations   | 2 3 5 7 |  7.2
Hexes          | 1 |  1.9
Fighting       | 1 2 |  2.1
Summonings     | 3 5 |  5.6
Air Magic      | 3 5 |  5.4
Invocations    | 3 5 |  5.9
Poison Magic   | 2 |  2.1

Action                     |  1- 3 |  4- 6 |  7- 9 | 10-12 || total
---------------------------+-------+-------+-------+-------++-------
  Melee: Unarmed           |     5 |    13 |       |       ||    18
         Tentacles         |     1 |     4 |       |       ||     5
         Constrict         |     1 |     3 |       |       ||     4
   Cast: Foxfire           |     1 |     1 |    10 |    27 ||    39
         Scorch            |       |     1 |    12 |     5 ||    18
         Flame Wave        |       |     1 |     8 |       ||     9
         Inner Flame       |       |     1 |     2 |     4 ||     7
         Mephitic Cloud    |       |       |     8 |     8 ||    16
         Call Imp          |       |       |     1 |     3 ||     4
         Fireball          |       |       |     1 |     1 ||     2
    Use: Potion            |     2 |     1 |     3 |     2 ||     8
         Scroll            |       |       |     6 |       ||     6
 Armour: Skin              |       |       |     1 |       ||     1
  Dodge: Dodged            |     3 |     4 |    15 |     4 ||    26

Table legend: (Time is in decaauts)
 A = Elapsed time spent in this place.
 B = Non-inter-level travel time spent in this place.
 C = Inter-level travel time spent in this place.
 D = Time resting spent in this place.
 E = Time spent auto-exploring this place.
 F = Levels seen in this place.
 G = Mean time per level.
                   A        B        C        D        E       F      G
               +--------+--------+--------+--------+--------+-----+--------+
         Total |   1944 |   1944 |      0 |   1072 |      0 |   1 | 1944.0 |
       Dungeon |   1944 |   1944 |      0 |   1072 |      0 |   1 | 1944.0 |
               +--------+--------+--------+--------+--------+-----+--------+

Top non-repeatable levels by time:
       D: 1944 daAuts
